[Event "Team 45 45 League T68"]
[Site "Internet Chess Club"]
[Date "2016.03.20"]
[Round "2"]
[White "avila"]
[Black "mejker"]
[Result "1/2-1/2"]
[WhiteElo "1928"]
[BlackElo "2120"]
[Opening "Pirc: Ufimtsev-Pytel variation"]
[ECO "B07"]
[Time "14:08:03"]
[TimeControl "2700+45"]

1. e4 d6 2. d4 Nf6 3. Nc3 c6 4. Be3 Qa5 5. Qd2 Ng4 6. Bg5 h6 7. Bh4 g5 8. Bg3
Bg7 9. Nf3 Nf6 10. O-O-O Be6 11. a3 Nh5 12. Kb1 Nd7 13. Nd5 Qxd2 14. Nc7+ Kd8
15. Nxe6+ fxe6 16. Rxd2 Kc7 17. Bc4 Nxg3 18. hxg3 e5 19. Be6 exd4 20. Bxd7 Kxd7
21. Nxd4 Bxd4 22. Rxd4 Raf8 23. f3 h5 24. c4 Ke6 25. Kc2 h4 26. gxh4 Rxh4 27.
Rxh4 gxh4 28. e5 dxe5 {Game drawn by mutual agreement} 1/2-1/2

[Event "Team 45 45 League T68"]
[Site "Internet Chess Club"]
[Date "2016.03.18"]
[Round "2"]
[White "modiglani"]
[Black "bss2005"]
[Result "1/2-1/2"]
[WhiteElo "1925"]
[BlackElo "1903"]
[Opening "Queen's bishop game"]
[ECO "D00"]
[Time "17:00:31"]
[TimeControl "2700+45"]

1. d4 d5 2. Bf4 Nf6 3. Nf3 Bf5 4. e3 e6 5. Bd3 Bg6 6. Nbd2 Bd6 7. Ne5 Nbd7 8.
Nxg6 hxg6 9. Bxd6 cxd6 10. Qf3 a6 11. e4 dxe4 12. Nxe4 Nxe4 13. Bxe4 d5 14. Bd3
Qb6 15. O-O-O Nf6 16. g4 Qc7 17. h4 O-O-O 18. Kb1 Kb8 19. Rde1 Ne8 20. h5 gxh5
21. Rxh5 Nf6 22. Rxh8 Rxh8 23. g5 Ne8 24. Rh1 Rxh1+ 25. Qxh1 Nd6 26. Qh8+ Ka7
27. Qxg7 Nc4 28. Bxc4 Qxc4 29. b3 Qf1+ 30. Kb2 Qxf2 31. Qf6 Qe3 32. a4 Qd2 33.
Qe5 {Game drawn by mutual agreement} 1/2-1/2

[Event "Team 45 45 League T68"]
[Site "Internet Chess Club"]
[Date "2016.03.18"]
[Round "2"]
[White "Knight8700"]
[Black "PolishRyszard"]
[Result "0-1"]
[WhiteElo "1827"]
[BlackElo "1925"]
[Opening "Dutch: Leningrad, main variation"]
[ECO "A87"]
[Time "17:00:30"]
[TimeControl "2700+45"]

1. d4 f5 2. Nf3 Nf6 3. g3 g6 4. Bg2 Bg7 5. c4 O-O 6. Nc3 d6 7. O-O Qe8 8. Re1
Qf7 9. b3 Ne4 10. Bb2 Nd7 11. Qd3 Ndf6 12. Nd2 Nxd2 13. Qxd2 e5 14. dxe5 dxe5
15. e4 f4 16. gxf4 Nh5 17. fxe5 Bxe5 18. Nd1 Bxb2 19. Qxb2 Nf4 20. Re3 Bg4 21.
Nc3 Nxg2 22. Kxg2 Bf3+ 23. Kf1 Qe6 24. Nd5 c6 25. Nb4 Qh3+ 26. Ke1 Qxh2 27. Rxf3
Qh1+ 28. Kd2 Qxf3 29. Rf1 Rad8+ 30. Kc1 a5 31. Nc2 Qxe4 32. Qc3 Qd3 {White
resigns} 0-1

[Event "Team 45 45 League T68"]
[Site "Internet Chess Club"]
[Date "2016.03.18"]
[Round "2"]
[White "junard"]
[Black "jonesey"]
[Result "0-1"]
[WhiteElo "1953"]
[BlackElo "2020"]
[Opening "Old Benoni defense"]
[ECO "A43"]
[Time "18:03:08"]
[TimeControl "2700+45"]

1. d4 c5 2. c3 Qb6 3. Nf3 Nf6 4. e3 d5 5. Bd3 Bg4 6. O-O e6 7. Nbd2 Nc6 8. h3
Bh5 9. a3 c4 10. Bc2 Be7 11. e4 O-O 12. e5 Nd7 13. g4 Bg6 14. Bxg6 hxg6 15. Re1
f6 16. Qc2 fxe5 17. dxe5 Ncxe5 18. Nd4 Bc5 19. Kg2 Nd3 20. N2f3 Bxd4 {White
resigns} 0-1

[Event "Team 45 45 League T68"]
[Site "Internet Chess Club"]
[Date "2016.03.19"]
[Round "2"]
[White "fledermaus"]
[Black "frontier"]
[Result "0-1"]
[WhiteElo "1917"]
[BlackElo "1887"]
[Opening "Dutch defense"]
[ECO "A90"]
[Time "09:06:55"]
[TimeControl "2700+45"]

1. d4 f5 2. c4 Nf6 3. g3 e6 4. Bg2 c6 5. Nh3 d6 6. O-O Be7 7. Nc3 O-O 8. e4 fxe4
9. Nxe4 e5 10. Nxf6+ Bxf6 11. dxe5 Bxe5 12. Nf4 Bf5 13. Nd3 Bf6 14. Re1 Na6 15.
Be4 Qd7 16. Bxf5 Qxf5 17. Be3 Rae8 18. Qd2 Nc7 19. Bxa7 c5 20. Rxe8 Rxe8 21. Re1
Rf8 22. b4 Bd4 23. bxc5 dxc5 24. Re2 Ne6 25. Ne1 Ng5 26. Kg2 Qf6 27. f4 Qc6+
{White resigns} 0-1

[Event "Team 45 45 League T68"]
[Site "Internet Chess Club"]
[Date "2016.03.19"]
[Round "2"]
[White "ArturitoGalacti"]
[Black "ChessRooklift"]
[Result "1-0"]
[WhiteElo "1893"]
[BlackElo "1838"]
[Opening "English: Bremen, reverse dragon"]
[ECO "A22"]
[Time "18:01:03"]
[TimeControl "2700+45"]

1. c4 Nf6 2. Nc3 e5 3. g3 d5 4. cxd5 Nxd5 5. Bg2 Nb6 6. Nf3 Nc6 7. O-O Be7 8. d3
Be6 9. a3 g5 10. b4 g4 11. Nd2 a6 12. Nb3 h5 13. Ne4 h4 14. Nec5 Bc8 15. Bb2 Nd5
16. e4 Nb6 17. Rc1 Qd6 18. Qd2 Qg6 19. Qc2 Bg5 20. f4 gxf3 21. Rxf3 hxg3 22.
Rcf1 gxh2+ 23. Kh1 Bf4 24. Rxf4 Rg8 25. Rf6 Qxg2+ 26. Qxg2 {Black resigns} 1-0

[Event "Team 45 45 League T68"]
[Site "Internet Chess Club"]
[Date "2016.03.20"]
[Round "2"]
[White "Sempigreen"]
[Black "LiangLiang"]
[Result "1-0"]
[WhiteElo "1781"]
[BlackElo "1829"]
[Opening "Sicilian: Najdorf, 6...e6"]
[ECO "B95"]
[Time "12:04:48"]
[TimeControl "2700+45"]

1. e4 c5 2. Nf3 d6 3. d4 cxd4 4. Nxd4 Nf6 5. Nc3 a6 6. Bg5 e6 7. Qf3 Be7 8.
O-O-O Nbd7 9. Kb1 Qc7 10. Qg3 h6 11. Be3 g5 12. f3 b5 13. h4 gxh4 14. Rxh4 h5
15. a3 Ne5 16. Bg5 Ng6 17. Rh3 Bd7 18. f4 h4 19. Qe1 e5 20. fxe5 Bxh3 21. exf6
Bg4 22. Nd5 Qb7 23. fxe7 Bxd1 24. Qxd1 Ne5 25. Nf5 {Black resigns} 1-0

[Event "Team 45 45 League T68"]
[Site "Internet Chess Club"]
[Date "2016.03.19"]
[Round "2"]
[White "otherook"]
[Black "Heian"]
[Result "1-0"]
[WhiteElo "1775"]
[BlackElo "1727"]
[Opening "English opening"]
[ECO "A20"]
[Time "17:12:45"]
[TimeControl "2700+45"]

1. c4 e5 2. g3 Nf6 3. Bg2 Bc5 4. e3 Bb6 5. Nc3 c6 6. Nge2 O-O 7. O-O Re8 8. b3
d5 9. d4 e4 10. cxd5 cxd5 11. Ba3 a6 12. Na4 Bc7 13. Qc2 Nc6 14. Rac1 Bd6 15.
Bxd6 Qxd6 16. Qc5 Qd8 17. Nb6 Nd7 18. Nxd7 Qxd7 19. Nf4 Rd8 20. h4 Qd6 21. Qxd6
Rxd6 22. Rc5 Be6 23. Nxe6 fxe6 24. f3 b6 25. Rc3 exf3 26. Bxf3 Rf8 27. Kg2 Ne7
28. Be2 Rxf1 29. Bxf1 b5 30. Bd3 Rc6 31. Rxc6 Nxc6 32. a4 bxa4 33. bxa4 a5 34.
Kf3 g6 35. Kf4 Kg7 36. Bb5 Nb4 37. Ke5 Nc2 38. Kxe6 Nxe3 39. Bd3 h6 40. Ke5 Kf7
41. Bb1 Nd1 42. Ba2 Ke7 43. Bxd5 Nc3 44. Bb3 Ne2 45. g4 Ng1 46. Bd1 Nh3 47. d5
Nf2 48. Be2 g5 49. hxg5 hxg5 50. d6+ Kd7 51. Bb5+ Kd8 52. Kf5 Kc8 53. Bc6 Kd8
54. Kxg5 Nd3 55. Kf5 Nb4 56. Bb5 Nd5 57. Ke5 Nc3 58. g5 Nxb5 59. axb5 a4 60. Kd4
a3 61. Kc3 a2 62. Kb2 Kd7 {Black resigns} 1-0

[Event "Team 45 45 League T68"]
[Site "Internet Chess Club"]
[Date "2016.03.21"]
[Round "2"]
[White "FrankNautilus"]
[Black "parrot9"]
[Result "1-0"]
[WhiteElo "1683"]
[BlackElo "1719"]
[Opening "QGD Slav"]
[ECO "D11"]
[Time "14:39:52"]
[TimeControl "2700+45"]

1. d4 d5 2. c4 c6 3. Nf3 Nf6 4. e3 e6 5. Nbd2 Nbd7 6. b3 Qc7 7. Bb2 Be7 8. Bd3
O-O 9. O-O Re8 10. Rc1 a5 11. a3 Qb8 12. Qc2 b5 13. c5 g6 14. Rfe1 Bf8 15. e4
dxe4 16. Nxe4 Nd5 17. Qd2 Bg7 18. Nd6 Rd8 19. Ne5 Nxe5 20. dxe5 Ne7 21. Nxf7
Rxd3 22. Qxd3 Kxf7 23. Qd6 b4 24. axb4 Qxb4 25. Re3 Bh6 26. Rc4 Qb7 27. Rf3+ Ke8
28. Rd4 Qd7 29. Rfd3 Qxd6 30. cxd6 Nd5 31. Rh3 Bg7 32. Rxh7 Bxe5 33. Rxd5 cxd5
34. Bxe5 a4 35. d7+ Kd8 36. dxc8=Q+ {Black resigns} 1-0

[Event "Team 45 45 League T68"]
[Site "Internet Chess Club"]
[Date "2016.03.20"]
[Round "2"]
[White "crazyhorses"]
[Black "QuieroAprender"]
[Result "0-1"]
[WhiteElo "1375"]
[BlackElo "1657"]
[Opening "Ruy Lopez: Classical defense deferred"]
[ECO "C70"]
[Time "15:12:22"]
[TimeControl "2700+45"]

1. e4 e5 2. Nf3 Nc6 3. Bb5 a6 4. Ba4 Bc5 5. Bxc6 dxc6 6. O-O Bg4 7. d3 f6 8.
Nbd2 Ne7 9. Re1 O-O 10. Nc4 Ng6 11. h3 Be6 12. Be3 Be7 13. a4 Qd7 14. a5 Rad8
15. Qe2 Bd6 16. c3 f5 17. Bg5 Bxc4 18. dxc4 fxe4 19. Qxe4 Be7 20. Nxe5 Nxe5 21.
Qxe5 Bxg5 22. Qxg5 Qd2 23. Qxd2 Rxd2 24. f3 Rxb2 25. Rab1 Rxb1 26. Rxb1 Rb8 27.
Kf2 Kf7 28. Ke3 Ke6 29. Rd1 b6 30. axb6 cxb6 31. f4 a5 32. g4 a4 33. Ke4 a3 34.
Ra1 Ra8 35. Ra2 Kd6 36. Kd4 Ra4 37. Kd3 Kc5 38. f5 h6 39. h4 Rxc4 40. Rxa3 Rxg4
41. Ra7 Rg3+ 42. Kc2 Kc4 43. Ra4+ Kd5 44. Rd4+ Ke5 45. Rc4 c5 46. Ra4 Kxf5 47.
Ra6 Rg6 48. Ra4 Rd6 49. Rc4 g5 50. hxg5 hxg5 51. Kb3 g4 52. Ka4 Kg5 53. Kb5 Kh4
54. Re4 Kh3 55. Re8 Kg2 56. Rg8 g3 57. c4 Kf2 58. Rf8+ Kg1 59. Rg8 g2 60. Rg7
Rf6 61. Rg8 Kf1 62. Rxg2 Kxg2 63. Ka4 Kf3 64. Kb5 Ke3 65. Ka4 Kd4 66. Kb5 Rg6
67. Ka4 Kxc4 68. Ka3 Rg3+ 69. Kb2 Kb4 70. Ka2 Rg2+ 71. Kb1 Kc3 72. Ka1 Kb3 73.
Kb1 Rg1# {White checkmated} 0-1

[Event "Team 45 45 League T68"]
[Site "Internet Chess Club"]
[Date "2016.03.16"]
[Round "2"]
[White "isolani"]
[Black "PsyMar"]
[Result "1-0"]
[WhiteElo "1430"]
[BlackElo "1431"]
[Opening "King's Indian: orthodox, Aronin-Taimanov variation (Yugoslav attack / Mar del Plata variation)"]
[ECO "E97"]
[Time "17:00:24"]
[TimeControl "2700+45"]

1. d4 Nf6 2. Nf3 g6 3. c4 Bg7 4. Nc3 O-O 5. e4 d6 6. Be2 e5 7. O-O Nc6 8. Bg5 h6
9. Be3 Ng4 10. Bc1 exd4 11. Nxd4 Qh4 12. Nf3 Qd8 13. Nd5 Nce5 14. Nxe5 Nxe5 15.
f4 Nc6 16. Be3 Bxb2 17. Rb1 Bg7 18. Qd2 f5 19. Rf3 fxe4 20. Rg3 Bf5 21. Rxb7 h5
22. Bxh5 gxh5 23. Rxc7 Bd7 24. Qc3 Rf7 25. f5 Kf8 26. Rxg7 Rxg7 27. Bh6 Ne5 28.
Qg3 Ng4 29. Qxd6+ Ke8 30. Bxg7 {Black resigns} 1-0

[Event "Team 45 45 League T68"]
[Site "Internet Chess Club"]
[Date "2016.03.21"]
[Round "2"]
[White "krysto"]
[Black "Gojira"]
[Result "1-0"]
[WhiteElo "1626"]
[BlackElo "1632"]
[Opening "QGD Slav: 4.Nc3"]
[ECO "D15"]
[Time "21:47:36"]
[TimeControl "2700+45"]

1. d4 d5 2. c4 c6 3. Nc3 Nf6 4. Nf3 Bf5 5. Nh4 Bg4 6. h3 Bh5 7. g4 Bg6 8. Nxg6
hxg6 9. Bg2 e6 10. cxd5 exd5 11. O-O Qc7 12. e3 Nbd7 13. a3 O-O-O 14. b4 b5 15.
a4 Bxb4 16. Bd2 Bxc3 17. Bxc3 bxa4 18. Qxa4 Nb6 19. Qa6+ Kb8 20. Rfb1 Qb7 21.
Qd3 Kc7 22. Ba5 Ra8 23. e4 Nxe4 24. Bxe4 dxe4 25. Qxe4 Rae8 26. Qf4+ Kc8 27.
Bxb6 axb6 28. d5 Qc7 29. Ra8+ Kb7 30. Ra7+ {Black resigns} 1-0

[Event "Team 45 45 League T68"]
[Site "Internet Chess Club"]
[Date "2016.03.18"]
[Round "2"]
[White "Insan996"]
[Black "portis2"]
[Result "0-1"]
[WhiteElo "1589"]
[BlackElo "1544"]
[Opening "Neo-Grünfeld defense"]
[ECO "D70"]
[Time "18:14:19"]
[TimeControl "2700+45"]

1. d4 Nf6 2. Nf3 g6 3. c4 d5 4. cxd5 Nxd5 5. Nc3 Bg7 6. g3 O-O 7. Bg2 Nxc3 8.
bxc3 c5 9. O-O Nc6 10. e3 Qc7 11. Rb1 Bf5 12. Rb3 Rfd8 13. Qe2 c4 14. Rb2 Bd3
15. Qe1 Rab8 16. a4 a6 17. Qd1 Bxf1 18. Bxf1 e5 19. d5 e4 20. Ng5 Qe5 21. Qg4
Na5 22. Bg2 Qxc3 23. Qd1 f5 24. Rb6 Nb3 25. Ba3 Qa5 26. d6 Qd2 27. Qb1 Qd3 28.
Qe1 Bc3 29. Qf1 Nd2 30. Qc1 Ba5 31. Rb2 Qxa3 32. Rxd2 Qxc1+ {White resigns} 0-1

[Event "Team 45 45 League T68"]
[Site "Internet Chess Club"]
[Date "2016.03.18"]
[Round "2"]
[White "Berke"]
[Black "fireball"]
[Result "1/2-1/2"]
[WhiteElo "1529"]
[BlackElo "1549"]
[Opening "French: Tarrasch, closed variation"]
[ECO "C05"]
[Time "10:09:43"]
[TimeControl "2700+45"]

1. e4 e6 2. d4 d5 3. Nd2 Nf6 4. e5 Nfd7 5. Ngf3 c5 6. c3 Nc6 7. Bd3 cxd4 8. cxd4
Bb4 9. O-O f5 10. exf6 Nxf6 11. Nb3 O-O 12. Bg5 Bd6 13. Rc1 Qe8 14. h3 Ne4 15.
Bh4 h6 16. Bxe4 dxe4 17. Nh2 e5 18. Bg3 Bf5 19. dxe5 Bxe5 20. Qd5+ Qe6 21. Qxe6+
Bxe6 22. Bxe5 Nxe5 23. Nc5 Bd5 24. Rfd1 Bc6 25. Rd4 b6 26. Nxe4 Bxe4 27. Rxe4
Nd3 28. Rc2 Rac8 29. Rxc8 Rxc8 30. Nf3 Nxb2 31. Re7 a5 32. Rb7 Na4 33. Nd4 Rf8
34. Ne6 Rf7 35. Rb8+ Kh7 36. Nf8+ Kg8 37. Ne6+ {Game drawn by mutual agreement}
1/2-1/2

[Event "Team 45 45 League T68"]
[Site "Internet Chess Club"]
[Date "2016.03.17"]
[Round "2"]
[White "zorori"]
[Black "rubo"]
[Result "1/2-1/2"]
[WhiteElo "1449"]
[BlackElo "1652"]
[Opening "Ruy Lopez: Schliemann defense"]
[ECO "C63"]
[Time "22:36:38"]
[TimeControl "2700+45"]

1. e4 e5 2. Nf3 Nc6 3. Bb5 f5 4. exf5 e4 5. Qe2 Nf6 6. d3 Qe7 7. dxe4 Qxe4 8.
Be3 Nd5 9. Bd3 Qe7 10. O-O Nxe3 11. fxe3 Nb4 12. Bc4 d5 13. Bb3 c6 14. Nc3 Bxf5
15. a3 Na6 16. Nd4 Bg6 17. Rae1 Qe5 18. Qf3 Bd6 19. Qh3 Nc7 20. Nf5 O-O 21. Nxd6
Qxd6 22. Rd1 Rxf1+ 23. Rxf1 Re8 24. Re1 Bf7 25. Rf1 Qe6 26. e4 Qxh3 27. gxh3 Re5
28. exd5 Bxd5 29. Nxd5 Nxd5 30. Rf4 g6 31. Rc4 Kg7 32. Rc5 Rg5+ 33. Kf2 Rf5+ 34.
Ke1 Ne3 35. Rc3 Nd5 36. Rc5 Ne3 37. Rc3 Nd5 38. Rc5 Ne7 39. Rc3 Kf6 40. Ke2 Nd5
41. Rg3 Rh5 42. Rf3+ Ke7 43. Bxd5 Rxd5 44. Re3+ Kd7 45. Rf3 Re5+ 46. Kd3 c5 47.
Rf7+ Re7 48. Rf8 b5 49. Rf4 Kd6 50. Rf8 Rd7 51. Ke4 Re7+ 52. Kd3 Ke5 53. Rf3
Rd7+ 54. Ke2 c4 55. Rg3 Rd5 56. Rf3 Rd7 57. Re3+ Kd5 58. c3 Kd6 59. Kf3 Re7 60.
Rxe7 Kxe7 61. Ke3 Ke6 62. Ke4 h6 63. h4 a6 64. h3 h5 65. Kf4 Kf6 66. Ke4 g5 67.
hxg5+ Kxg5 68. Kf3 h4 69. Ke4 Kg6 70. Kf4 Kh5 71. Kf5 a5 72. Kf6 Kh6 73. Kf5 Kh5
74. Kf6 Kh6 75. Kf5 Kh5 76. Kf6 {Game drawn by repetition} 1/2-1/2

[Event "Team 45 45 League T68"]
[Site "Internet Chess Club"]
[Date "2016.03.20"]
[Round "2"]
[White "nosir"]
[Black "houseofcook"]
[Result "1/2-1/2"]
[WhiteElo "1485"]
[BlackElo "1418"]
[Opening "French: King's Indian attack"]
[ECO "C00"]
[Time "14:00:26"]
[TimeControl "2700+45"]

1. e4 e6 2. d3 d5 3. Nd2 c5 4. Ngf3 Bd6 5. g3 Nc6 6. Bg2 Nge7 7. O-O O-O 8. Re1
f6 9. c3 Qc7 10. h4 Bd7 11. Nh2 d4 12. Nc4 e5 13. Nxd6 Qxd6 14. c4 a6 15. f4 b5
16. b3 b4 17. f5 a5 18. h5 Kh8 19. Nf3 Ng8 20. Kf2 Nh6 21. Nh4 Ne7 22. Rh1 Neg8
23. Bxh6 Nxh6 24. Bf3 Rfd8 25. Qd2 Kg8 26. Rag1 Kf7 27. g4 Qe7 28. Rg3 Ng8 29.
Rhg1 h6 30. Ng6 Qd6 31. g5 fxg5 32. Rxg5 hxg5 33. Qxg5 Qf6 34. Nh8+ Kf8 35. Ng6+
Kf7 36. Nh8+ Kf8 {Game drawn by mutual agreement} 1/2-1/2

[Event "Team 45 45 League T68"]
[Site "Internet Chess Club"]
[Date "2016.03.19"]
[Round "2"]
[White "sdcohle"]
[Black "PaulRichard"]
[Result "0-1"]
[WhiteElo "1465"]
[BlackElo "1772"]
[Opening "Queen's Indian: 4.e3"]
[ECO "E14"]
[Time "14:02:36"]
[TimeControl "2700+45"]

1. d4 Nf6 2. Nf3 e6 3. c4 b6 4. e3 Bb7 5. Be2 Be7 6. O-O O-O 7. b3 d5 8. Nbd2
Na6 9. Bb2 c5 10. Rc1 Rc8 11. dxc5 Nxc5 12. cxd5 Qxd5 13. Nc4 Rfd8 14. Qc2 Qe4
15. Qxe4 Bxe4 16. Nfe5 b5 17. Na5 Rd2 18. b4 Rxb2 19. bxc5 Rxc5 20. Rxc5 Bxc5
21. Nb3 Bxe3 22. fxe3 Rxe2 23. Rd1 Bd5 24. e4 Nxe4 25. Nd4 Rxg2+ 26. Kxg2 Nc3+
27. Kf1 Nxd1 28. Nxb5 a6 29. Nc7 Bxa2 30. Nxa6 f6 31. Nb4 Bb3 32. Nf3 Nc3 33.
Ke1 e5 34. Nd2 Be6 35. Nf1 Kf7 36. Ng3 g6 37. Kd2 Nb5 38. Nd3 Ke7 39. Ke3 Bd5
40. Nf2 Ke6 41. Kd3 f5 42. h4 e4+ 43. Ke3 Ke5 44. Ne2 Na3 45. Nh3 Nc4+ 46. Kf2
e3+ 47. Kg3 Nd2 48. Nhf4 Ne4+ 49. Kh2 Bc4 50. Kg2 Bxe2 51. Nxe2 f4 52. Kf3 Nd2+
53. Kg4 f3 54. Ng1 e2 55. Nxf3+ Nxf3 {White resigns} 0-1

[Event "Team 45 45 League T68"]
[Site "Internet Chess Club"]
[Date "2016.03.17"]
[Round "2"]
[White "g8wrb"]
[Black "smsxman"]
[Result "0-1"]
[WhiteElo "1216"]
[BlackElo "1369"]
[Opening "Ruy Lopez: old Steinitz defense"]
[ECO "C62"]
[Time "12:53:47"]
[TimeControl "2700+45"]

1. e4 e5 2. Nf3 Nc6 3. Bb5 d6 4. O-O Bd7 5. c3 Nf6 6. Re1 Be7 7. d4 exd4 8. cxd4
O-O 9. Nc3 a6 10. Ba4 b5 11. Bb3 Re8 12. Nd5 Nxd5 13. Bxd5 Rb8 14. Qb3 Rf8 15.
Qc3 Na7 16. Bf4 c6 17. Bb3 a5 18. Rac1 Rc8 19. Qe3 c5 20. dxc5 dxc5 21. Red1 Qe8
22. Ne5 Be6 23. Bxe6 fxe6 24. Qh3 Rxf4 25. Qxe6+ Kh8 26. Rd7 Nc6 27. Nxc6 Bf6
28. Qxe8+ Rxe8 29. f3 Bxb2 30. Rxc5 h6 31. Rxb5 Bc3 32. Rc5 Be1 33. Re5 Rc8 34.
Rd8+ Rxd8 35. Nxd8 Rf8 36. Rd5 Rf6 37. Kf1 Bc3 38. Nb7 Ra6 39. Rd6 Ra7 40. Nd8
Be5 41. Rd2 Bxh2 42. Nc6 Ra6 43. Ne7 Kh7 44. Nf5 Be5 45. Rd7 a4 46. g3 a3 47. f4
Bb2 48. e5 Rg6 49. Kg2 Bc1 50. Kf3 Bb2 51. Nd4 Rb6 52. Nf5 Rg6 53. g4 Bc1 54.
Rd6 Bb2 55. Rxg6 Kxg6 56. Ke4 Kf7 57. Kd5 Bc1 58. Nd6+ Ke7 59. f5 Bg5 60. Ne4
Bh4 61. Kc6 Be1 62. e6 Bb4 63. Nc5 Bc3 64. Ne4 Bb2 65. Kb5 g6 66. Kc4 gxf5 67.
gxf5 h5 68. Kd3 h4 69. Nf2 Be5 0-1

[Event "Team 45 45 League T68"]
[Site "Internet Chess Club"]
[Date "2016.03.20"]
[Round "2"]
[White "clarinetref"]
[Black "bardu"]
[Result "1-0"]
[WhiteElo "1649"]
[BlackElo "1427"]
[Opening "Scotch: Potter variation"]
[ECO "C45"]
[Time "10:03:27"]
[TimeControl "2700+45"]

1. e4 e5 2. Nf3 Nc6 3. d4 exd4 4. Nxd4 Bc5 5. Nb3 Bb6 6. Nc3 d6 7. Qe2 Nge7 8.
Be3 O-O 9. O-O-O f5 10. f4 fxe4 11. Nxe4 Bf5 12. Nc3 Qd7 13. h3 Bg6 14. a3 Nf5
15. Bxb6 Ng3 16. Qf3 Qf5 17. Bd3 Qxf4+ 18. Qxf4 Rxf4 19. Be3 Nxh1 20. Bxf4 Nf2
21. Bc4+ Kh8 22. Rd2 Ne4 23. Nxe4 Bxe4 24. Bd5 Bxd5 25. Rxd5 Rf8 26. g3 Ne7 27.
Rd1 Ng6 28. Rf1 Ne5 29. Nd2 Nc6 30. c3 h6 31. h4 Kh7 32. Be3 Rxf1+ 33. Nxf1 Ne5
34. Bxa7 c6 35. Ne3 d5 36. Bb8 Nd3+ 37. Kc2 Ne1+ 38. Kb3 Nd3 39. Bd6 h5 40. Kc2
Ne1+ 41. Kd2 Nf3+ 42. Ke2 d4 43. Kxf3 dxe3 44. Kxe3 Kg6 45. Ke4 Kf7 46. c4 Ke6
47. Be5 g6 48. b4 b5 49. cxb5 cxb5 50. Kd4 Kf5 51. Bf4 {Black resigns} 1-0

[Event "Team 45 45 League T68"]
[Site "Internet Chess Club"]
[Date "2016.03.19"]
[Round "2"]
[White "herrahuu"]
[Black "kutch"]
[Result "0-1"]
[WhiteElo "1462"]
[BlackElo "1536"]
[Opening "QGD Slav defense"]
[ECO "D10"]
[Time "12:02:09"]
[TimeControl "2700+45"]

1. d4 d5 2. c4 c6 3. Nc3 dxc4 4. e3 b5 5. a4 b4 6. Ne4 Qd5 7. Nc5 e5 8. Qf3 Bxc5
9. Qxd5 cxd5 10. dxc5 Nf6 11. Nf3 Nc6 12. Be2 Ne4 13. O-O Nxc5 14. Rd1 Be6 15.
Ng5 O-O 16. Nxe6 fxe6 17. f4 exf4 18. exf4 Nb3 19. Be3 Nxa1 20. Rxa1 a5 21. g3
d4 22. Bxc4 dxe3 23. Bxe6+ Kh8 24. Bd5 Rac8 25. Re1 Rfe8 26. f5 Re5 27. Be6 Rd8
28. Rc1 e2 {White resigns} 0-1

[Event "Team 45 45 League T68"]
[Site "Internet Chess Club"]
[Date "2016.03.18"]
[Round "2"]
[White "Kingfisher75"]
[Black "BrerRabbit"]
[Result "0-1"]
[WhiteElo "1531"]
[BlackElo "1455"]
[Opening "Pirc: Ufimtsev-Pytel variation"]
[ECO "B07"]
[Time "19:30:49"]
[TimeControl "2700+45"]

1. d4 d6 2. e4 Nf6 3. Nc3 c6 4. Be3 Qb6 5. Qd2 Qxb2 6. Rb1 Qa3 7. Bc4 e6 8. h3
d5 9. exd5 exd5 10. Be2 Bb4 11. Rxb4 Qxb4 12. Nf3 Ne4 13. Nxe4 Qxd2+ 14. Nexd2
Bf5 15. c4 dxc4 16. Nxc4 Ke7 17. O-O b6 18. Re1 Nd7 19. Nfe5 Be4 20. Nxd7 Kxd7
21. Ne5+ Kc7 22. Nxf7 Rhf8 23. Bc4 Bd5 24. Bf4+ Kd7 25. Bxd5 cxd5 26. Ne5+ Kd8
27. Bg5+ Kc7 28. Rc1+ Kb7 29. Be7 Rf4 30. Bd6 Rxd4 31. Rc7+ Ka6 32. Rxg7 Rd1+
33. Kh2 Rd2 34. f4 Rxa2 35. Nf3 h6 36. f5 Rd8 37. Rg6 h5 38. f6 Rd7 39. Ne5 Rxd6
40. f7 Rxg6 41. f8=Q Raxg2+ 42. Kh1 Rg1+ {White resigns} 0-1

[Event "Team 45 45 League T68"]
[Site "Internet Chess Club"]
[Date "2016.03.18"]
[Round "2"]
[White "Just-Jim"]
[Black "Aquaman"]
[Result "1-0"]
[WhiteElo "1283"]
[BlackElo "1331"]
[Opening "QP counter-gambit (elephant gambit)"]
[ECO "C40"]
[Time "16:00:40"]
[TimeControl "2700+45"]

1. e4 e5 2. Nf3 d5 3. Nxe5 Bd6 4. d4 dxe4 5. Bc4 Bxe5 6. dxe5 Qxd1+ 7. Kxd1 Nc6
8. Re1 Bf5 9. Bf4 Nge7 10. Nd2 Ng6 11. Bg3 Ncxe5 12. Bxe5 Nxe5 13. Bb3 f6 14.
Nxe4 O-O-O+ 15. Kc1 Ng4 16. Ng3 Bg6 17. Be6+ Kb8 18. Bxg4 f5 19. Bxf5 Bxf5 20.
Nxf5 g6 21. Ne3 Rhf8 22. Rf1 c6 23. b3 h5 24. Kb2 Rd2 25. Nc4 Rdxf2 26. Rxf2
Rxf2 27. Re1 Rxg2 28. Re8+ Kc7 29. Ne5 Kd6 30. Nc4+ Kd7 31. Rg8 Ke6 32. Ne3 Rg5
33. h4 Rg3 34. Re8+ Kf7 35. Re4 Kf6 36. Nc4 Rg4 37. Nd6 b5 38. a4 bxa4 39. bxa4
Rxe4 40. Nxe4+ Kf5 41. Nd6+ Kg4 42. Kc3 Kxh4 43. Kd3 Kg3 44. Ne4+ Kf4 45. Nf2 g5
46. Ke2 g4 47. c4 h4 48. Kf1 Kf3 49. Nd3 Kg3 50. Kg1 Kf3 51. Ne5+ Kg3 52. Nxc6
h3 53. Nd4 Kf4 54. c5 g3 55. c6 Ke4 56. Ne2 h2+ 57. Kg2 Ke3 58. Nxg3 {Black
resigns} 1-0

[Event "Team 45 45 League T68"]
[Site "Internet Chess Club"]
[Date "2016.03.16"]
[Round "2"]
[White "rkjulianjr"]
[Black "mongmong"]
[Result "0-1"]
[WhiteElo "1367"]
[BlackElo "1538"]
[Opening "Nimzo-Indian: Kmoch variation"]
[ECO "E20"]
[Time "18:04:44"]
[TimeControl "2700+45"]

1. d4 e6 2. c4 Nf6 3. Nc3 Bb4 4. f3 c5 5. a3 Ba5 6. dxc5 Bxc3+ 7. bxc3 Na6 8. c6
dxc6 9. Qxd8+ Kxd8 10. Bg5 Ke7 11. e4 h6 12. Be3 c5 13. Ne2 b6 14. Nf4 Rd8 15.
Rd1 Bd7 16. e5 Ne8 17. Bd3 Ba4 18. Rd2 Rd7 19. Bc2 Bxc2 20. Rxc2 Rad8 21. Rd2
Rxd2 22. Bxd2 Nec7 23. Ke2 Nb8 24. Rd1 Nc6 25. Nh5 Kf8 26. f4 Kg8 27. Ke3 Na5
28. Ke2 Nxc4 29. Bc1 Rxd1 30. Kxd1 Nb5 31. Kc2 Nc7 32. Kd3 Na5 33. c4 Nc6 34.
Ke4 Nd4 35. Bb2 Nb3 36. Bc3 b5 37. cxb5 Nxb5 38. Bb2 Nc7 39. f5 exf5+ 40. Kxf5
g6+ 41. Kg4 gxh5+ 42. Kxh5 Kh7 43. Bc3 Ne6 44. Be1 Nbd4 45. Bd2 Nf5 46. g4 Nfg7+
47. Kh4 Kg6 48. a4 h5 49. h3 hxg4 50. hxg4 Ne8 51. a5 a6 52. Kg3 N8c7 53. Be3 f5
54. exf6 Kxf6 55. Kf3 Ke5 56. Kg3 Ke4 57. Bc1 Nd5 58. g5 Ne7 59. Kh4 Kf5 60. Kh5
c4 61. Ba3 Ng6 62. Bc1 c3 63. Kh6 Nd8 64. Kh5 Nc6 65. Kh6 Nxa5 66. Kg7 Nc4 67.
Kf7 a5 68. Ke8 a4 69. Kd7 a3 {White resigns} 0-1

[Event "Team 45 45 League T68"]
[Site "Internet Chess Club"]
[Date "2016.03.20"]
[Round "2"]
[White "rhayder"]
[Black "Toalla"]
[Result "1-0"]
[WhiteElo "1386"]
[BlackElo "1256"]
[Opening "Ruy Lopez: four knights (Tarrasch) variation"]
[ECO "C48"]
[Time "18:10:34"]
[TimeControl "2700+45"]

1. e4 Nf6 2. Nc3 e5 3. Nf3 Nc6 4. Bb5 a6 5. Ba4 d6 6. d3 h6 7. Bb3 Be7 8. Nd5
O-O 9. Nxe7+ Nxe7 10. O-O b6 11. Be3 Ng4 12. Bd2 d5 13. h3 dxe4 14. dxe4 Nf6 15.
Qc1 Ng6 16. Bxh6 gxh6 17. Qxh6 Nh7 18. Qxg6+ {Black resigns} 1-0